 Dungeon Crawl Stone Soup version 0.30.0-19-gbf45117a57 (webtiles) character file.

Game seed: 3653959615747541417

196 qw the Chopper (level 5, 0/32 HPs)
             Began as a Gargoyle Fighter on May 25, 2023.
             Slain by an orc wizard
             ... wielding a +0 dagger
              (3 damage)
             ... on level 4 of the Dungeon.
             The game lasted 00:01:08 (2872 turns).

qw the Chopper (Gargoyle Fighter)                   Turns: 2872, Time: 00:01:09

Health: 0/32       AC: 10    Str: 21    XL:     5   Next: 74%
Magic:  5/5        EV:  9    Int:  9    God:
Gold:   179        SH:  0    Dex:  9    Spells: 4/4 levels left

rFire   . . .        Y - +0 war axe
rCold   . . .        c - +0 buckler
rNeg    + . .        b - +0 scale mail
rPois   inf          (no helmet)
rElec   +            (no cloak)
rCorr   .            (no gloves)
SInv    .            (no boots)
Will    .....        (no amulet) Stlth
                     (no ring)
HPRegen 0.25/turn    (no ring)
MPRegen 0.09/turn

%: no passive effects
@: confused
A: sickness immunity, AC +4, negative energy resistance 1, electricity
resistance, torment resistance 1, petrification resistance
a: no special abilities


You were on level 4 of the Dungeon.
You visited 1 branch of the dungeon, and saw 4 of its levels.

You collected 179 gold pieces.


Innate Abilities, Weirdness & Mutations

You are immune to sickness and miasma.
Your stone body is resilient. (AC +4)
You are immune to poison.
You resist negative energy. (rN+)
You are resistant to electric shocks. (rElec)
You are resistant to unholy torment.
You are immune to petrification.


   Skills:
 + Level 3.2 Fighting
 - Level 5.0 Axes
 - Level 1.3 Throwing
 - Level 3.2 Armour
 - Level 3.2 Shields


You had 4 spell levels left.
You didn't know any spells.
Your spell library was empty.

Inventory:

Hand Weapons
 j - a +0 mace
 Y - a +0 war axe (weapon)
Armour
 b - a +0 scale mail (worn)
 c - a +0 buckler (worn)
Potions
 a - a potion of curing
 d - a potion of might
 f - a potion of haste {unknown}
 g - 2 potions of berserk rage {unknown}

Dungeon Overview and Level Annotations

Branches:
Dungeon (4/15)
 Temple: D:4-7

Altars:
Trog

Shops:
D:1 :

Annotations:
D:2 1 runed translucent door, Crazy Yiuf
D:3 1 runed translucent door, qw's ghost, amateur GrFi


Message History

You miss something.
Something hits you but does no damage. x2
You closely miss something. Something hits you but does no damage.
Something hits you.
Things that are here:
a +0 short sword; a +0 mace; an orc corpse You're too confused to move!
You feel less confused. Something completely misses you.
You closely miss something. Something hits you.
You barely miss something.
Something hits you but does no damage. x2
You miss something.
You hear some strange, mumbled words.
A magic dart appears from out of thin air!
The magic dart hits you!
You hit something but do no damage.
You hear some strange, mumbled words.
A puff of flame appears from out of thin air!
The puff of flame hits you.
You hit something but do no damage.
You hear some strange, mumbled words.
A puff of flame appears from out of thin air!
The puff of flame hits you.
You barely miss something.
You hear some strange, mumbled words.
A magic dart appears from out of thin air!
The magic dart hits you.
You hear some strange, mumbled words.
You are confused.
You hear some strange, mumbled words.
A puff of flame appears from out of thin air!
The puff of flame misses you. Something hits you.
You're too confused to move!
Something hits you but does no damage. Something hits you.
You die...

..........#
..........#####
...............
...............
......(........
.............
#..........
#..@........
#............
#))..........
#............
#.?..........
#............
#............
#....<.......
#............


There were no monsters in sight!

Vanquished Creatures
  An orc priest (D:4)
  An iguana (D:3)
  2 gnolls
  5 adders
  2 worms (D:2)
  3 dart slugs
  3 orcs
  6 ball pythons
  10 endoplasms
  3 giant cockroaches
  2 goblins
  3 hobgoblins
  2 quokkas (D:2)
  4 bats
  3 frilled lizards
  6 kobolds
  5 rats
61 creatures vanquished.

Notes
Turn   | Place    | Note
-------+----------+-------------------------------------------
     0 | D:1      | qw the Gargoyle Fighter began the quest for the Orb.
     0 | D:1      | Reached XP level 1. HP: 14/14 MP: 1/1
     0 | D:1      | 0 ||| qw: Version: 0.2-a-98-g5d7165a
     0 | D:1      | 0 ||| qw: Game counter: 65
     0 | D:1      | 0 ||| qw: Always use a shield: true
     0 | D:1      | 0 ||| qw: God list: Okawaru
     0 | D:1      | 0 ||| qw: Allow faded altars: false
     0 | D:1      | 0 ||| qw: Do Orc after D:15 true
     0 | D:1      | 0 ||| qw: Do second Lair branch before Depths: true
     0 | D:1      | 0 ||| qw: Lair rune preference: random
     0 | D:1      | 0 ||| qw: Plans: Normal, Zot:1-4, God:TSO, Crypt, Tomb,
                  | Pan, Slime:5, Hells, Abyss, Win
     0 | D:1      | 0 ||| PLANNING D:1-11
   116 | D:1      | Reached skill level 2 in Axes
   125 | D:1      | Found Apneetoss's Book Shoppe.
   204 | D:1      | 204 ||| DROPPING +0 club.
   228 | D:1      | Reached XP level 2. HP: 13/19 MP: 2/2
   416 | D:1      | Reached skill level 3 in Axes
   777 | D:1      | 777 ||| READING scroll labelled BUPEOQUERCHIERCH.
   781 | D:1      | 781 ||| READING scroll labelled BIF CUEGRUFOFF.
   782 | D:1      | 782 ||| READING scroll labelled CENOGAV SEOPN.
   800 | D:2      | Reached XP level 3. HP: 22/23 MP: 3/3
   890 | D:2      | Reached skill level 1 in Throwing
  1160 | D:2      | Found a faded altar of an unknown god.
  1196 | D:2      | 1196 ||| Stepping ~*~*~tactically~*~*~ (stealth).
  1234 | D:2      | Found a runed translucent door.
  1235 | D:2      | Noticed Crazy Yiuf
  1270 | D:2      | Reached XP level 4. HP: 28/28 MP: 4/4
  1503 | D:2      | 1503 ||| Stepping ~*~*~tactically~*~*~ (hiding).
  1827 | D:2      | 1827 ||| DRINKING 2 emerald potions.
  1828 | D:2      | 1828 ||| DROPPING potion of flight.
  1892 | D:3      | 1892 ||| STAIRDANCE
  2051 | D:3      | 2051 ||| Stepping ~*~*~tactically~*~*~ (hiding).
  2067 | D:3      | 2067 ||| Stepping ~*~*~tactically~*~*~ (stealth).
  2088 | D:3      | Reached skill level 4 in Axes
  2136 | D:3      | Reached XP level 5. HP: 32/32 MP: 5/5
  2172 | D:3      | Noticed qw's ghost (amateur GrFi)
  2173 | D:3      | Found a runed translucent door.
  2185 | D:3      | 2185 ||| Stepping ~*~*~tactically~*~*~ (hiding).
  2314 | D:3      | Found a bloodstained altar of Trog.
  2359 | D:3      | HP: 4/32 [iguana (6)]
  2767 | D:3      | 2767 ||| READING scroll labelled UKHLIH IMINTIRGH.
  2768 | D:3      | 2768 ||| READING scroll labelled SOXYCA YKKA.
  2769 | D:3      | 2769 ||| DRINKING 2 dark potions.
  2770 | D:3      | 2770 ||| DRINKING 2 brown potions.
  2854 | D:4      | HP: 3/32 [orc wizard/puff of flame (6)]
  2855 | D:4      | Reached skill level 5 in Axes
  2855 | D:4      | 2855 ||| DRINKING potion of heal wounds.
  2867 | D:4      | HP: 5/32 [something/magic dart (4)]
  2872 | D:4      | Slain by an orc wizard

Levels and vault maps discovered:
D:1:      mushboom_english_gardens, layout_loops_ring, serial_shops,
          nicolae_book_shop_shelving
D:2:      layout_loops_corners, shapermc_ecumenical_altar_pompeii,
          amcnicky_mini_corridor_feature, nrook_uturn, minmay_pentomino_q2,
          uniq_crazy_yiuf_cottage
D:3:      layout_rooms, mainiacjoe_overflow_surrounded_room,
          hellmonk_ghost_happy_afterlife
D:4:      layout_gridville, mainiacjoe_overflow_alcove_4,
          minmay_temple_entry_waves

Skill      XL: |  1  2  3  4  5 |
---------------+----------------+-----
Axes           | 2 3 4 5 |  5.0
Throwing       | 1 |  1.3
Fighting       | |  3.2
Armour         | |  3.2
Shields        | |  3.2

Action                     |  1- 3 |  4- 6 || total
---------------------------+-------+-------++-------
  Melee: War axe           |    58 |    86 ||   144
  Throw: Javelin           |    27 |    30 ||    57
    Use: Scroll            |     3 |     2 ||     5
         Potion            |       |     4 ||     4
 Armour: Scale mail        |    30 |    39 ||    69
  Dodge: Dodged            |    25 |    47 ||    72
  Block: Buckler           |    15 |    18 ||    33

Table legend:
 A = Non-vault XP
 B = Vault XP
 C = Vault XP percentage of total XP
 D = Non-vault monster count
 E = Vault monster count
 F = Vault count percentage of total count
                 A         B        C        D         E       F
            +---------+---------+-------+---------+---------+-------
      Total |     264 |      16 |   5.7 |      59 |       2 |   3.3
            +---------+---------+-------+---------+---------+-------
        D:1 |      32 |       0 |   0.0 |      12 |       0 |   0.0
        D:2 |      72 |      16 |  18.2 |      24 |       2 |   7.7
        D:3 |     105 |       0 |   0.0 |      17 |       0 |   0.0
        D:4 |      55 |       0 |   0.0 |       6 |       0 |   0.0
            +---------+---------+-------+---------+---------+-------
